 Dungeon Crawl Stone Soup version 0.28-a0-794-gafe8c5f9e9 (webtiles) character file.

Game seed: 14282883784195795742

541 gimp the Chucker (level 7, -8/36 HPs)
             Began as a Vine Stalker Artificer on Nov 6, 2021.
             Mangled by a wraith (16 damage)
             ... in an ossuary.
             The game lasted 00:12:20 (4077 turns).

gimp the Chucker (Vine Stalker Artificer)           Turns: 4077, Time: 00:12:20

Health: -8/36      AC:  9    Str: 13 (16) XL:     7   Next: 26%
Magic:  0/8        EV: 14    Int: 12 (13) God:
Gold:   59         SH:  0    Dex: 13 (15) Spells: 6/6 levels left

rFire   . . .      SeeInvis .   a - +1 dagger (chaos)
rCold   . . .      Faith    .   (no shield)
rNeg    . . .      Spirit   +   s - +4 ring mail {Will+}
rPois   .          Reflect  .   (helmet restricted)
rElec   .          Harm     .   (no cloak)
rCorr   .          Rampage  .   (no gloves)
Will    +....                   (no boots)
Stlth   +.........              (no amulet)
HPRegen 1.12/turn               g - +4 ring of evasion
MPRegen 0.11/turn               (no ring)

@: brilliant, slowed, very slow
A: fangs 2, regeneration 1, magic shield, antimagic bite, no potion heal 2,
antennae 1, clever 1, deterioration 1
a: no special abilities


You were in an ossuary.
You visited 1 branch of the dungeon, and saw 4 of its levels.
You also visited: Sewer and Ossuary.

You collected 192 gold pieces.
You spent 133 gold pieces at shops.

Inventory:

Hand Weapons
 a - a +1 dagger of chaos (weapon)
 f - a +0 club
Missiles
 i - 32 poisoned darts
Armour
 s - a +4 ring mail of willpower (worn)
Jewellery
 g - a +4 ring of evasion (left hand)
Wands
 b - a wand of mindburst (13)
 c - a wand of flame (12) (quivered)
 d - a wand of charming (5)
 q - a wand of polymorph (8)
Scrolls
 j - 2 scrolls of enchant weapon
 l - 2 scrolls of vulnerability
 m - 2 scrolls of amnesia {unknown}
 t - a scroll of noise {unknown}
Potions
 h - 3 potions of curing
Miscellaneous
 e - a piece from Xom's chessboard (15/15)


   Skills:
 - Level 3.0 Fighting
 + Level 5.2 Throwing
 + Level 2.9 Armour
 - Level 0.7 Dodging
 - Level 1.2 Stealth
 - Level 2.6 Evocations


You had 6 spell levels left.
You didn't know any spells.
Your spell library contained the following spells:

 Spells                   Type           Power      Damage    Failure   Level
 Ignite Poison            Fire/Tmut/Pois 0%         N/A       90%         3
 Mephitic Cloud           Conj/Pois/Air  0%         N/A       90%         3
 Freezing Cloud           Conj/Ice/Air   0%         6-21      100%        5


Dungeon Overview and Level Annotations

Branches:
Dungeon (4/15)              Sewer (visited)         Ossuary (1/1)
 Temple: D:4-7

Altars:
Cheibriados

Shops:
D:1 =   D:3 [

Annotations:
D:2 Grinder
D:4 Robin


Innate Abilities, Weirdness & Mutations

You have extremely sharp teeth.
Your natural rate of healing is unusually fast.
When hurt, damage is shared between your health and your magic reserves.
Your bite disrupts and absorbs the magic of your enemies.
Potions cannot restore your health.
You have a pair of small antennae on your head.
Your mind is acute. (Int +2)
Your body sometimes deteriorates upon taking damage.


Message History

The wraith misses you.
It was a potion of might.
You feel very mighty all of a sudden. The wraith barely misses you.
The wraith hits you.
* * * LOW HITPOINT WARNING * * *
You take 4 damage, and have 1/36 hp.
You have no ailments to cure.
You have no ailments to cure.
It was a potion of cancellation.
Your magical effects are unravelling.
You feel magically purged.
You feel yourself speed up.
You feel a little less mighty now. The wraith hits you but does no damage.
The wraith barely misses you.
You regained 2 hp, and now have 3/36 hp.
It was a potion of brilliance.
You feel clever all of a sudden. The wraith closely misses you.
The wraith hits you but does no damage.
It was a potion of degeneration.
There was something very wrong with that liquid.
You feel weakened.
You feel dopey.
You feel clumsy. The wraith hits you but does no damage.
The wraith closely misses you.
It was a potion of mutation.
You feel extremely strange.
You feel clever.
You feel yourself wasting away. A pair of antennae grows on your head!
The wraith hits you.
* * * LOW HITPOINT WARNING * * *
The wraith drains your vigour!
You feel yourself slow down.
You take 1 damage, and have 5/36 hp.
Aiming: Charm
Press: ? - help, Shift-Dir - straight line, f - wraith
Aim: a wraith (fast, strong, chance to affect: 21%)
The wraith resists with almost no effort.
The wraith closely misses you. The wraith hits you but does no damage.
You regained 2 hp, and now have 7/36 hp.
Aiming: Charm
Press: ? - help, Shift-Dir - straight line, f/p - wraith
Aim: a wraith (fast, strong, chance to affect: 21%)
The wraith resists with almost no effort.
The wraith hits you!!
You die...

#..#'#..#'#..#'#..#'#..#'#..#
#..#.#..#.#..#.#..#.#..#.#..#
#...........................#
#...........................#
#..####......###......####..#
#..#.'...8...#.#...8...'.#..#
#..####......#'#......####..#
#............#.#............#
#..............@............#
#..####.####....W####.####..#
#..#.'..# +...8...'?#..'.#..#
#..####.####.....####.####..#
#...........................#
#............#.#............#
#..####......#+#......####..#
#. +...8...# #...8...'.#..#
..####......###......####..#


You could see a wraith (fast, strong).

Vanquished Creatures
  Terence (D:3)
  An elf zombie (Ossuary)
  A scorpion (D:2)
  A hound (D:3)
  A gnoll shaman (D:2)
  Jessica (D:3)
  2 mummies (Ossuary)
  3 gnolls (D:2)
  4 adders
  4 river rats
  3 dart slugs
  An orc (D:3)
  5 endoplasms
  3 giant cockroaches
  13 goblins
  7 hobgoblins
  3 jackals (D:3)
  10 kobolds
  11 ball pythons
  8 bats
  9 frilled lizards
  4 goblin zombies (Ossuary)
  A hobgoblin zombie (Ossuary)
  2 kobold zombies (Ossuary)
  An orc zombie (Ossuary)
  13 rats
113 creatures vanquished.

Vanquished Creatures (collateral kills)
  An orc priest (D:3)
  A worm (D:3)
  An orc (D:3)
  A hobgoblin (D:1)
4 creatures vanquished.

Vanquished Creatures (others)
  An orc (D:3)
1 creature vanquished.

Grand Total: 118 creatures vanquished

Notes
Turn   | Place    | Note
-------+----------+-------------------------------------------
     0 | D:1      | gimp the Vine Stalker Artificer began the quest for the
                  | Orb.
     0 | D:1      | Reached XP level 1. HP: 9/9 MP: 2/2
    25 | D:1      | Reached skill level 1 in Fighting
    67 | D:1      | Found Pore's Jewellery Shoppe.
   401 | D:1      | Reached XP level 2. HP: 15/15 MP: 3/3
   810 | D:1      | Found a faded altar of an unknown god.
   942 | D:2      | Reached XP level 3. HP: 14/19 MP: 2/4
  1290 | D:2      | Noticed a scorpion
  1617 | D:3      | Noticed Jessica
  1806 | D:3      | Killed Jessica
  1807 | D:3      | Reached skill level 1 in Throwing
  1807 | D:3      | Gained mutation: Your natural rate of healing is unusually
                  | fast. [Vine Stalker growth]
  1807 | D:3      | Reached XP level 4. HP: 23/24 MP: 3/5
  1911 | D:3      | Noticed Terence
  1927 | D:3      | Reached skill level 2 in Throwing
  1990 | D:3      | Found a glowing drain.
  1995 | Sewer    | Entered a sewer
  2036 | Sewer    | Reached XP level 5. HP: 28/28 MP: 6/6
  2104 | Sewer    | Reached skill level 3 in Throwing
  2586 | D:3      | Found a snail-covered altar of Cheibriados.
  2613 | D:3      | Killed Terence
  2614 | D:3      | Reached skill level 4 in Throwing
  2614 | D:3      | Reached XP level 6. HP: 21/32 MP: 3/7
  2725 | D:3      | Found Oggalop's Antique Armour Emporium.
  2738 | D:3      | Bought a runed ring mail for 133 gold pieces
  2751 | D:3      | Noticed Grinder
  3075 | D:2      | Paralysed by Grinder for 7 turns
  3085 | D:2      | Noticed Grinder
  3085 | D:2      | Grinder changed into Grinder the ynoxinul
  3690 | D:4      | Noticed Robin
  3736 | D:3      | Reached skill level 5 in Throwing
  3736 | D:3      | Reached XP level 7. HP: 36/36 MP: 6/8
  3772 | D:4      | Found a sand-covered staircase.
  3777 | Ossuary  | Entered an ossuary
  3777 | Ossuary  | Noticed a wraith
  3777 | Ossuary  | Noticed a wraith
  3777 | Ossuary  | Noticed a wraith
  4061 | Ossuary  | Noticed a wraith
  4070 | Ossuary  | HP: 1/36 [wraith (6)]
  4075 | Ossuary  | Gained mutation: Your mind is acute. (Int +2) [potion of
                  | mutation]
  4075 | Ossuary  | Gained mutation: Your body sometimes deteriorates upon
                  | taking damage. [potion of mutation]
  4075 | Ossuary  | Gained mutation: You have a pair of small antennae on your
                  | head. [potion of mutation]
  4077 | Ossuary  | Mangled by a wraith

Illustrated notes

Levels and vault maps discovered:
D:1:      ncdulo_halloftheorcs, layout_basic,
          shapermc_ecumenical_altar_mp_vishouse, serial_shops, shop
D:2:      layout_rooms, wander_ebering_terrifying_dragon_lair
D:3:      minmay_diamond_boxcup, layout_loops_cross, kennysheep_slug_shrine,
          portal_sewer_entry_e, serial_shops, shop_fountains, uniq_grinder,
          uniq_jessica, uniq_terence
D:4:      layout_basic, serial_shops, kennysheep_mini_moat,
          nicolae_shop_crystal, enter_ossuary_2, minmay_misc_feat_plants,
          uniq_ijyb, uniq_robin, uniq_menkaure
Ossuary:  ossuary_kennysheep_city_of_the_dead

Skill      XL: |  1  2  3  4  5  6 |
---------------+-------------------+-----
Fighting       | 1 2 3 |  3.0
Throwing       | 1 2 4 5 |  5.2
Armour         | 2 |  2.9
Dodging        | |  0.7
Stealth        | |  1.2
Evocations     | |  2.6

Action                   |  1- 3 |  4- 6 |  7- 9 || total
-------------------------+-------+-------+-------++-------
Melee: Club              |    20 |       |       ||    20
       Bite              |    24 |   107 |    25 ||   156
       Dagger            |    81 |   351 |    81 ||   513
Evoke: Wand              |     6 |     6 |     2 ||    14
       Piece from Xom's  |       |     2 |       ||     2
  Use: Scroll            |     3 |     3 |     4 ||    10
       Potion            |       |     1 |     5 ||     6
 Stab: Sleeping          |     4 |     3 |       ||     7
Armor: Leather armour    |    23 |    27 |       ||    50
       Ring mail         |       |    50 |    26 ||    76
Dodge: Dodged            |    95 |   290 |    39 ||   424

Table legend: (Time is in decaauts)
 A = Elapsed time spent in this place.
 B = Non-inter-level travel time spent in this place.
 C = Inter-level travel time spent in this place.
 D = Time resting spent in this place.
 E = Time spent auto-exploring this place.
 F = Levels seen in this place.
 G = Mean time per level.
                   A        B        C        D        E       F      G
               +--------+--------+--------+--------+--------+-----+--------+
         Total |   4173 |   4040 |    133 |    720 |   1934 |   6 |  695.5 |
       Dungeon |   3339 |   3206 |    133 |    720 |   1450 |   4 |  834.8 |
         Sewer |    531 |    531 |      0 |      0 |    305 |   1 |  531.0 |
       Ossuary |    303 |    303 |      0 |      0 |    179 |   1 |  303.0 |
               +--------+--------+--------+--------+--------+-----+--------+

Top non-repeatable levels by time:
     D:3: 1212 daAuts
     D:1: 1155 daAuts
     D:2: 939 daAuts
   Sewer: 531 daAuts
 Ossuary: 303 daAuts
     D:4: 31 daAuts
